 Dungeon Crawl Stone Soup version 0.29-a0-275-g389c0b56f3 (webtiles) character file.

Game seed: 2876649546607610416

21 spaghetti the Skirmisher (level 2, -4/22 HPs)
             Began as an Octopode Chaos Knight on Mar 13, 2022.
             Was a Plaything of Xom.
             Frozen to death by an endoplasm (5 damage)
             ... on level 1 of the Dungeon.
             The game lasted 00:00:55 (973 turns).

spaghetti the Skirmisher (Octopode Chaos Knight)     Turns: 973, Time: 00:00:55

Health: -4/22      AC:  1    Str: 11    XL:     2   Next: 87%
Magic:  2/2        EV: 13    Int: 14    God:    Xom [..*...]
Gold:   20         SH:  0    Dex: 11    Spells: 1/1 levels left

rFire   . . .      SeeInvis .   d - +2 whip (pain) {mace}
rCold   . . .      Faith    .   (no shield)
rNeg    . . .      Spirit   .   (helmet restricted)
rPois   .          Reflect  .   (no amulet)
rElec   .          Harm     .   (no ring)
rCorr   .          Rampage  .   (no ring)
Will    .....                   (no ring)
Stlth   ++........              (no ring)
HPRegen 0.07/turn               (no ring)
MPRegen 0.08/turn               (no ring)
                                (no ring)
                                (no ring)

@: no status effects
A: almost no armour, amphibious, 8 rings, camouflage 1, gelatinous body 1,
(nimble swimmer 1), tentacles
a: Renounce Religion


You were on level 1 of the Dungeon.
You worshipped Xom.
You were a toy of Xom.
You visited 1 branch of the dungeon, and saw 2 of its levels.

You collected 20 gold pieces.


Innate Abilities, Weirdness & Mutations

You cannot wear most types of armour.
You are amphibious.
You can wear up to eight rings at the same time.
Your skin changes colour to match your surroundings (Stealth+).
Your rubbery body absorbs attacks. (AC +1, EV +1)
((You are camouflaged when in or above water. (Stealth+)))
You have tentacles for arms and can constrict up to eight enemies at once.


   Skills:
 + Level 4.0 Fighting
 - Level 3.0 Maces & Flails
 - Level 2.3 Dodging


You had one spell level left.
You didn't know any spells.
Your spell library was empty.

Inventory:

Hand Weapons
 a - a +0 mace of chaos {mace}
 d - a +2 whip of pain (weapon) {mace}
   (You took it off a kobold on level 1 of the Dungeon)
Missiles
 c - 21 stones (quivered) {throwing}
Miscellaneous
 b - a piece from Xom's chessboard (15/15)

Dungeon Overview and Level Annotations

Branches:
Dungeon (2/15)

Altars:

############## ##
#............# #.
#............# #.
#...J........###### #.
#....@......)รท....#
#. #.....โ€
......####.# #.
#............# #.###.
#............# #..##.
#............#####.##.
#.....................
#............#####.##.
#...................##
##+####...........#.#


You could see an endoplasm.


Message History

Done exploring.
(D) Dungeon
Where to? (? - help)
There is a stone staircase leading down here.
You climb downwards.
There is a stone staircase leading up here.
There are monsters nearby!
Unknown command.
Unknown command.
There are monsters nearby!
There are monsters nearby!
You throw a stone {throwing}. The stone {throwing} hits the kobold.
The kobold shouts!
The frilled lizard hisses angrily.
The frilled lizard unfolds its giant frill.
You throw a stone {throwing}.
The stone {throwing} hits the kobold but does no damage.
A ball python comes into view.
A jackal comes into view.
An endoplasm comes into view.
You throw a stone {throwing}.
The stone {throwing} closely misses the kobold.
The endoplasm quivers.
The jackal barks!
The ball python hisses angrily.
You hear a bark! x2
A jackal comes into view.
You hear a shout!
You hit the kobold.
You kill the kobold!
You hear a shout!
You hear a bark!
A kobold comes into view. It is wielding a +0 dagger.
You closely miss the frilled lizard. Your grab misses the frilled lizard.
The frilled lizard bites you.
You closely miss the frilled lizard. Your grab misses the frilled lizard.
You squeeze the frilled lizard.
A jackal comes into view.
The frilled lizard bites you.
The kobold throws a stone.
The stone closely misses you.
The stone misses the frilled lizard.
A hobgoblin comes into view.
The jackal barks!
You hit the frilled lizard.
You kill the frilled lizard!
The jackal closely misses you.
You hit the ball python. Your grab misses the ball python.
You squeeze the ball python.
You kill the ball python!
The jackal bites you. x3
* * * LOW HITPOINT WARNING * * *
You are too injured to fight recklessly!
You are too injured to fight recklessly!
You are too injured to fight recklessly!
You are too injured to fight recklessly!
You are too injured to fight recklessly!
You are too injured to fight recklessly! ๐Ÿ˜จ HP[-12]
You take 12 damage, and now have 10/22 hp.
MASSIVE DAMAGE!! (PAUSE)
The jackal misses you. The jackal bites you.
* * * LOW HITPOINT WARNING * * *
The endoplasm barely misses you.
You climb upwards.
There is a stone staircase leading down here. ๐Ÿ˜จ HP[-1]
You take 1 damage, and now have 9/22 hp.
Unknown command.
Unknown command.
Unknown command.
You aren't carrying any potions.
You closely miss the jackal. Your grab misses the jackal.
You squeeze the jackal. The jackal misses you. x2
The jackal closely misses you. The endoplasm freezes you.
You are frozen.
* * * LOW HITPOINT WARNING * * *
๐Ÿ˜จ HP[-1]
You take 1 damage, and now have 8/22 hp.
You hit the jackal. You grab the jackal.
You constrict the jackal, but do no damage.
The jackal bites you.
* * * LOW HITPOINT WARNING * * *
The jackal barely misses you. ๐Ÿ˜จ HP[-1]
You take 1 damage, and now have 7/22 hp.
You hit the jackal.
You kill the jackal!
The endoplasm hits you but does no damage.
The jackal barely misses you.
Your Fighting skill increases to level 4!
You hit the jackal.
You kill the jackal!
The endoplasm freezes you.
You are frozen.
* * * LOW HITPOINT WARNING * * *
๐Ÿ˜ฑ HP[-4]
You take 4 damage, and now have 3/22 hp.
You barely miss the endoplasm. The endoplasm hits you.
* * * LOW HITPOINT WARNING * * *
๐Ÿ˜ฑ HP[-2]
You take 2 damage, and now have 1/22 hp.
You barely miss the endoplasm. The endoplasm freezes you.
You are frozen.
You die...

Skill      XL: |  1  2 |
---------------+-------+-----
Fighting       | 4 |  4.0
Maces & Flails | |  3.0
Dodging        | |  2.3

Action                   || total
-------------------------++-------
Melee: Mace              ||     7
       Constrict         ||     8
       Whip              ||    24
       Tentacles         ||     6
       Punch             ||     1
Throw: Stone             ||    35
Armor: Skin              ||     1
Dodge: Dodged            ||    13

Levels and vault maps discovered:
D:1:      tarquinn_simple_flora_water_b, layout_basic
D:2:      layout_basic, hellmonk_ecumenical_altar_leap_of_faith

Notes
Turn   | Place    | Note
-------+----------+-------------------------------------------
     0 | D:1      | spaghetti the Octopode Chaos Knight began the quest for the
                  | Orb.
     0 | D:1      | Reached XP level 1. HP: 16/16 MP: 1/1
     0 | D:1      | magus.rc [v1.9.6]
   310 | D:1      | XOM: butterfly on damage
   310 | D:1      | XOM: smoke on damage
   469 | D:1      | XOM: silly message
   493 | D:1      | Reached XP level 2. HP: 21/21 MP: 2/2
   605 | D:1      | XOM: silly message
   857 | D:1      | XOM: divination: detect creatures
   971 | D:1      | Reached skill level 4 in Fighting
   971 | D:1      | HP: 3/22 [frozen (4)]
   972 | D:1      | HP: 1/22 [endoplasm (2)]
   973 | D:1      | Frozen to death by an endoplasm

Vanquished Creatures
  2 ball pythons
  An endoplasm (D:1)
  A giant cockroach (D:1)
  2 goblins (D:1)
  4 hobgoblins (D:1)
  2 jackals (D:1)
  A frilled lizard (D:2)
  3 kobolds
  2 rats (D:1)
18 creatures vanquished.

Table legend:
 A = Non-vault XP
 B = Vault XP
 C = Vault XP percentage of total XP
 D = Non-vault monster count
 E = Vault monster count
 F = Vault count percentage of total count
                 A         B        C        D         E       F
            +---------+---------+-------+---------+---------+-------
      Total |      31 |       0 |   0.0 |      18 |       0 |   0.0
            +---------+---------+-------+---------+---------+-------
        D:1 |      26 |       0 |   0.0 |      15 |       0 |   0.0
        D:2 |       5 |       0 |   0.0 |       3 |       0 |   0.0
            +---------+---------+-------+---------+---------+-------

Illustrated notes

Table legend:
 A = Kills in this place as a percentage of kills in entire the game.
 B = Kills by you in this place as a percentage of kills by you in the entire game.
 C = Kills by friends in this place as a percentage of kills by friends in the entire game.
 D = Other kills in this place as a percentage of other kills in the entire game.
 E = Experience gained in this place as a percentage of experience gained in the entire game.
 F = Experience gained in this place divided by the number of levels of this place that you have seen.
                   A       B       C       D       E      F
               +-------+-------+-------+-------+-------+----------------------
         Total | 100.0 | 100.0 |   N/A |   N/A | 100.0 |  15.5
       Dungeon | 100.0 | 100.0 |   N/A |   N/A | 100.0 |  15.5
               +-------+-------+-------+-------+-------+----------------------

Table legend: (Time is in decaauts)
 A = Elapsed time spent in this place.
 B = Non-inter-level travel time spent in this place.
 C = Inter-level travel time spent in this place.
 D = Time resting spent in this place.
 E = Time spent auto-exploring this place.
 F = Levels seen in this place.
 G = Mean time per level.
                   A        B        C        D        E       F      G
               +--------+--------+--------+--------+--------+-----+--------+
         Total |    976 |    955 |     21 |      0 |    860 |   2 |  488.0 |
       Dungeon |    976 |    955 |     21 |      0 |    860 |   2 |  488.0 |
               +--------+--------+--------+--------+--------+-----+--------+

Top non-repeatable levels by time:
     D:1: 966 daAuts
     D:2: 9 daAuts
